 Dungeon Crawl Stone Soup version 0.21-a0-184-g9126a74 (webtiles) character file.

1649 Lavandula the Cleaver (level 9, -3/78 HPs)
             Began as a Formicid Artificer on Aug 11, 2017.
             Killed from afar by Crazy Yiuf the steam dragon (14 damage)
             ... with a ball of steam
             ... on level 7 of the Dungeon.
             The game lasted 00:16:09 (3087 turns).

Lavandula the Cleaver (Formicid Artificer)          Turns: 3087, Time: 00:16:09

Health: -3/78      AC:  5    Str: 18    XL:     9   Next: 19%
Magic:  11/11      EV: 12    Int: 10    God:
Gold:   19         SH:  3    Dex: 14    Spells: 8/8 levels left

rFire    . . .     SeeInvis +   z - +0 hand axe (chop)
rCold    . . .     Gourm    .   (no shield)
rNeg     . . .     Faith    .   p - +0 ring mail
rPois    .         Spirit   .   (helmet unavailable)
rElec    .         Reflect  +   (no cloak)
rCorr    .         Harm     .   (no gloves)
MR       .....                  (no boots)
Stlth    +.........             n - +3 amulet of reflection
HPRegen  0.23/turn              h - ring of flight
MPRegen  0.12/turn              (no ring)

@: no status effects
A: permanent stasis, dig shafts and tunnels, four strong arms, antennae 3
a: Dig, Shaft Self, Evoke Flight


You were on level 7 of the Dungeon.
You were near starving.

You visited 1 branch of the dungeon, and saw 7 of its levels.

You collected 19 gold pieces.

Inventory:

Hand Weapons
 i - a cursed -1 short sword
 x - a +0 spear
 y - a +0 flail
 z - a +0 hand axe of chopping (weapon)
Missiles
 k - 2 tomahawks (quivered)
Armour
 b - a +0 leather armour
 p - a +0 ring mail (worn)
Jewellery
 h - a ring of flight (left hand)
 n - a +3 amulet of reflection (around neck)
Wands
 a - a wand of polymorph (9/24)
 c - a wand of flame (3/48)
 e - a wand of random effects (7/48)
Scrolls
 o - 2 scrolls of identify
 t - a scroll of fog
 u - a scroll of random uselessness
Potions
 g - a potion of curing
 l - a potion of mutation {unknown}
 r - a potion of might {unknown}
 v - a potion of haste {unknown}
 C - a potion of heal wounds {unknown}
Comestibles
 f - 3 bread rations
 s - 4 fruits


   Skills:
 - Level 10.1 Fighting
 - Level 3.2 Short Blades
 + Level 13.3 Axes
 - Level 1.5 Throwing
 - Level 2.5 Dodging
 - Level 1.2 Stealth
 - Level 3.4 Evocations


You had 8 spell levels left.
You didn't know any spells.

Dungeon Overview and Level Annotations

Branches:
Dungeon (8/15)
 Temple: D:4-7         Lair: D:8-11

Altars:
Makhleb

Annotations:
D:4 Eustachio, Grinder
D:5 WhatIsLove's ghost, amateur DEFE
D:7 Crazy Yiuf
D:8 exclusion: upstairs, Maurice


Innate Abilities, Weirdness & Mutations

You cannot be hasted, slowed, berserked, paralysed or teleported.
You can dig through walls and to a lower floor.
Your four strong arms can wield two-handed weapons with a shield.
You have a pair of large antennae on your head. (SInv)


Message History

Okay, then.
Unknown command.
Crazy Yiuf breathes steam at you. The ball of steam hits you!
You hear an angry buzzing noise.
You are engulfed in a cloud of scalding steam.
You are engulfed in a cloud of scalding steam.
* * * LOW HITPOINT WARNING * * *
Crazy Yiuf breathes steam at you. The ball of steam hits you!
* * * LOW HITPOINT WARNING * * *
You feel better.
You are engulfed in a cloud of scalding steam.
* * * LOW HITPOINT WARNING * * *
You feel better.
You are engulfed in a cloud of scalding steam.
* * * LOW HITPOINT WARNING * * *
Crazy Yiuf breathes steam at you. The ball of steam hits you!
You die...

.# #. #.# #. #. ######.#
#.#######. #.. ...# #.........
#.# #..# #.######.. ###.# #..#
#.## #.. ##...###..#
###+##..#####..
#.........#######..............
#....###....D§@§....##...#####.
#....# #..########.###.#.# #.
♣P...♣ #..# #.# #.#.# . ♣♣...♣
##.########.###.#.. . ♣♣.♣♣
#...............##.# . ♣♣.♣
#..########.##### .# . ♣.♣♣
#.......# #.# .. ♣♣.♣ #.......#
#.# #. ♣.♣♣ #.......# #.#


You could see Crazy Yiuf the steam dragon (inner flame).

Vanquished Creatures
  2 scorpions
  A hound (D:3)
  An orc priest (D:3)
  2 worker ants
  A worker ant zombie (D:2)
  4 adders
  An adder skeleton (D:2)
  3 worms
  3 dart slugs
  4 orcs (D:3)
  A ball python (D:2)
  A bat skeleton (D:2)
  2 bat zombies (D:2)
  3 giant cockroaches
  4 goblins
  3 hobgoblins
  4 kobolds
  2 quokkas (D:2)
  11 bats
  2 frilled lizards
  A leopard gecko skeleton (D:2)
  A leopard gecko zombie (D:2)
  3 rats
60 creatures vanquished.

Vanquished Creatures (collateral kills)
  An ogre (D:4)
  A scorpion (D:4)
  A worker ant (D:4)
  2 gnolls (D:2)
5 creatures vanquished.

Vanquished Creatures (others)
  A gnoll (D:2)
  An adder (D:2)
2 creatures vanquished.

Grand Total: 67 creatures vanquished

Notes
Turn   | Place    | Note
-------+----------+-------------------------------------------
     0 | D:1      | Lavandula the Formicid Artificer began the quest for the Orb.
     0 | D:1      | Reached XP level 1. HP: 15/15 MP: 3/3
   133 | D:1      | Reached XP level 2. HP: 17/21 MP: 4/4
   276 | D:2      | Reached XP level 3. HP: 19/26 MP: 5/5
   836 | D:3      | Noticed a scorpion
   886 | D:2      | Reached XP level 4. HP: 27/32 MP: 6/6
   906 | D:2      | Reached skill level 1 in Throwing
  1090 | D:4      | Noticed an ogre
  1434 | D:2      | Reached XP level 5. HP: 23/37 MP: 7/7
  1516 | D:3      | Reached skill level 1 in Axes
  1812 | D:3      | Reached skill level 2 in Axes
  1812 | D:3      | Reached XP level 6. HP: 29/43 MP: 8/8
  1820 | D:3      | Reached skill level 3 in Axes
  2054 | D:4      | Killed an ogre
  2069 | D:4      | Reached skill level 4 in Axes
  2075 | D:4      | Noticed Eustachio
  2596 | D:4      | Noticed Grinder
  2621 | D:4      | Found a burning altar of Makhleb.
  2640 | D:5      | Entered Level 5 of the Dungeon
  2669 | D:5      | Noticed WhatIsLove's ghost (amateur DEFE)
  2675 | D:5      | You fall through a shaft for 3 floors!
  2761 | D:8      | Reached skill level 5 in Axes
  2761 | D:8      | Reached XP level 7. HP: 47/48 MP: 9/9
  2787 | D:8      | Noticed Maurice
  3048 | D:7      | Found a runed door.
  3052 | D:7      | Noticed Crazy Yiuf
  3054 | D:7      | Noticed Crazy Yiuf
  3054 | D:7      | Crazy Yiuf changed into Crazy Yiuf the steam dragon
  3059 | D:7      | Reached skill level 13 in Axes
  3059 | D:7      | Reached XP level 8. HP: 25/54 MP: 10/10
  3060 | D:7      | Reached skill level 10 in Fighting
  3060 | D:7      | Reached XP level 9. HP: 33/78 MP: 11/11
  3087 | D:7      | Killed from afar by Crazy Yiuf the steam dragon

Vault maps used:
D:1:      erik_arrival_triangle_large, corexii_corridor_pit, serial_bayou_lake_a
D:2:      serial_undead, serial_undead_b, serial_undead_f, serial_undead_d,
          serial_undead_d, serial_undead_e, serial_undead_f, fountainhead
D:3:      first_bread, grunt_decor_one_mirror
D:4:      makhleb_heckhound_becter, uniq_eustachio, uniq_grinder
D:5:      eino_small_chamber_without_monster
D:7:      uniq_crazy_yiuf_cottage, uniq_menkaure
D:8:      uniq_maurice

Skill      XL: |  1  2  3  4  5  6  7  8 |
---------------+-------------------------+-----
Short Blades   | 2 3 |  3.2
Throwing       | 1 |  1.5
Dodging        | 2 |  2.5
Axes           | 2 5 13 | 13.3
Fighting       | 10 | 10.1
Stealth        | |  1.2
Evocations     | |  3.4

Action                   |  1- 3 |  4- 6 |  7- 9 || total
-------------------------+-------+-------+-------++-------
Melee: Short sword       |    96 |    74 |       ||   170
       Hand axe          |       |    96 |    27 ||   123
Throw: Tomahawk          |       |    19 |     1 ||    20
 Abil: Dig               |       |     3 |       ||     3
Evoke: Wand              |       |    27 |     6 ||    33
  Use: Scroll            |       |     2 |     4 ||     6
       Potion            |       |     1 |     6 ||     7
 Stab: Sleeping          |     3 |       |       ||     3
  Eat: Chunk             |       |     4 |       ||     4
       Royal jelly       |       |     1 |       ||     1
Armor: Leather armour    |    26 |       |       ||    26
       Ring mail         |     2 |    54 |     8 ||    64
Dodge: Dodged            |    50 |    89 |    26 ||   165
Block: Other             |       |     7 |     2 ||     9
